 Dungeon Crawl Stone Soup version 0.18.1-50-g88ac8fd (webtiles) character file.

1410 lorenzova the Grappler (level 8, -2/74 HPs)
             Began as a Troll Monk on Oct 13, 2016.
             Shot with an arrow by a centaur (14 damage)
             ... on level 5 of the Dungeon.
             The game lasted 00:06:34 (3589 turns).

lorenzova the Grappler (Troll Monk)                 Turns: 3589, Time: 00:06:35

Health: -2/74      AC:  5    Str: 20    XL:     8   Next: 42%
Magic:  7/7        EV: 10    Int:  7    God:
Gold:   173        SH:  0    Dex: 13    Spells: 0 memorised, 7 levels left

rFire  . . .     SeeInvis .       - Unarmed
rCold  + . .     Gourm    +     a - +0 robe
rNeg   . . .     Faith    .     (no shield)
rPois  .         Spirit   .     (helmet restricted)
rElec  .         Dismiss  .     (no cloak)
rCorr  .         Reflect  .     (gloves unavailable)
SustAt .         Harm     .     (boots unavailable)
MR     +....                    (no amulet)
Stlth  +.........               j - ring of protection from cold
                                i - ring of protection from magic

@: somewhat resistant to hostile enchantments, very unstealthy
A: unfitting armour, claws 3, fast metabolism 3, gourmand, regeneration 2,
shaggy fur 1, tough skin 2
a: no special abilities


You were on level 5 of the Dungeon.
You were completely stuffed.

You visited 1 branch of the dungeon, and saw 5 of its levels.

You collected 173 gold pieces.

Inventory:

Missiles
 m - 5 javelins of penetration (quivered)
Armour
 a - a +0 robe (worn)
Jewellery
 i - a ring of protection from magic (left claw)
 j - a ring of protection from cold (right claw)
Wands
 v - a wand of teleportation (3/9)
Scrolls
 c - 3 scrolls of recharging {unknown}
 d - 3 scrolls of identify
 f - 3 scrolls of noise {unknown}
 n - 2 scrolls of fog {unknown}
 r - 2 scrolls of teleportation {unknown}
 w - a scroll of enchant armour {unknown}
 x - a scroll of amnesia {unknown}
 y - a scroll of magic mapping {unknown}
Potions
 e - a potion of magic
 g - a potion of might {unknown}
 h - 3 potions of curing {unknown}
 k - a potion of flight {unknown}
 q - a potion of cancellation {unknown}
 s - 2 potions of mutation {unknown}
 t - a potion of agility {unknown}
 u - a potion of heal wounds {unknown}
Books
 l - Sif Muna's Volume of Translocation
   (You found it on level 2 of the Dungeon)

   Spells                             Type                      Level
   a - Apportation                    Translocation                1
Comestibles
 b - 4 bread rations
 o - 2 beef jerkies
 p - 5 meat rations
 z - a chunk of flesh


   Skills:
 - Level 2.4 Fighting
 + Level 6.6 Throwing
 - Level 2.4 Dodging
 - Level 1.1 Stealth
 + Level 8.4 Unarmed Combat


You had 7 spell levels left.
You didn't know any spells.

Dungeon Overview and Level Annotations

Branches:
Dungeon (5/15)
 Temple: D:4-7

Altars:
Ashenzari
Dithmenos
Elyvilon
Kikubaaqudgha
Nemelex Xobeh
Sif Muna
Vehumet
Xom
Yredelemnul
Zin


Innate Abilities, Weirdness & Mutations

You are too large for most types of armour.
You have claws for hands.
Your metabolism is lightning-fast.
You like to eat raw meat.
You heal very quickly.
You are covered in fur (AC +1).
You have very tough skin (AC +2).


Message History

The centaur shoots an arrow.
The arrow hits you! The arrow freezes you.
You see here an arrow.
The centaur shoots an arrow.
The arrow hits you! The arrow freezes you.
The centaur shoots an arrow.
The arrow hits you!
* * * LOW HITPOINT WARNING * * *
The arrow freezes you.
* * * LOW HITPOINT WARNING * * *
You see here 2 arrows.
You are too injured to fight recklessly!
You are too injured to fight recklessly!
You are too injured to fight recklessly!
You see here an arrow.
The centaur shoots an arrow.
The arrow hits you!
* * * LOW HITPOINT WARNING * * *
The arrow freezes you.
* * * LOW HITPOINT WARNING * * *
The centaur shoots an arrow.
The arrow closely misses you.
You see here 2 arrows.
The centaur shoots an arrow.
The arrow hits you!
You die...

####..###.###..#
....(.........#
#..##...###.#
#.(.........#
#(###..[#####
#(# ##c## #.#
#.# #.# #.# #c#
#@# ..# #.#
#.### ##.# #.#
#.# #..# #.# #.#
#.## #.# #.# #.#
#.# #.# #.# #.#
#.# #.# #.# #.#
#.#


You could see a centaur.

Vanquished Creatures
  Grinder (D:5)
  An orc warrior (D:5)
  An ice beast (D:5)
  A sky beast (D:5)
  3 ogres
  A scorpion (D:5)
  A howler monkey (D:5)
  A jelly (D:5)
  A crimson imp (D:5)
  2 hounds (D:4)
  4 orc priests
  3 orc wizards (D:4)
  4 worker ants
  4 gnolls (D:4)
  2 howler monkey skeletons
  4 adders
  A shadow imp (D:5)
  2 adder skeletons (D:4)
  4 worms
  2 dart slugs
  A giant gecko (D:3)
  8 orcs
  A ball python (D:2)
  5 bats
  A giant cockroach (D:3)
  8 goblins
  6 hobgoblins
  4 jackals (D:1)
  2 kobolds
  4 quokkas (D:3)
  A giant gecko zombie (D:2)
  5 giant newts
  A jackal skeleton (D:2)
  7 rats
97 creatures vanquished.

Notes
Turn   | Place    | Note
--------------------------------------------------------------
     0 | D:1      | lorenzova the Troll Monk began the quest for the Orb.
     0 | D:1      | Reached XP level 1. HP: 22/22 MP: 0/0
   145 | D:1      | Reached skill level 1 in Throwing
   158 | D:1      | Reached XP level 2. HP: 29/29 MP: 1/1
   789 | D:2      | Reached XP level 3. HP: 23/36 MP: 2/2
   967 | D:2      | Found a radiant altar of Vehumet.
   971 | D:2      | Found an ancient bone altar of Kikubaaqudgha.
   972 | D:2      | Found a deep blue altar of Sif Muna.
   976 | D:2      | Identified Sif Muna's Volume of Translocation
  1515 | D:3      | Reached skill level 5 in Unarmed Combat
  1599 | D:3      | Reached XP level 4. HP: 42/44 MP: 3/3
  1921 | D:3      | Found a basalt altar of Yredelemnul.
  1928 | D:3      | Found a shattered altar of Ashenzari.
  1935 | D:3      | Found a white marble altar of Elyvilon.
  1942 | D:3      | Found a glowing silver altar of Zin.
  1949 | D:3      | Found a sparkling altar of Nemelex Xobeh.
  1954 | D:3      | Found a shadowy altar of Dithmenos.
  1965 | D:3      | Found a shimmering altar of Xom.
  2229 | D:4      | Noticed an ogre
  2238 | D:4      | Killed an ogre
  2238 | D:4      | Reached XP level 5. HP: 41/50 MP: 4/4
  2484 | D:4      | Reached skill level 6 in Unarmed Combat
  2484 | D:4      | Reached XP level 6. HP: 59/59 MP: 5/5
  2904 | D:5      | Entered Level 5 of the Dungeon
  2991 | D:5      | Reached XP level 7. HP: 66/66 MP: 6/6
  3052 | D:5      | Noticed Grinder
  3068 | D:5      | Reached skill level 5 in Throwing
  3068 | D:5      | Reached skill level 7 in Unarmed Combat
  3070 | D:5      | Killed Grinder
  3252 | D:5      | Reached XP level 8. HP: 57/74 MP: 7/7
  3307 | D:5      | Reached skill level 8 in Unarmed Combat
  3589 | D:5      | Shot with an arrow by a centaur

Skill      XL: |  1  2  3  4  5  6  7  8 |
---------------+-------------------------+-----
Throwing       | 1 3 4 5 6 |  6.6
Unarmed Combat | 5 6 7 8 |  8.4
Fighting       | |  2.4
Dodging        | |  2.4
Stealth        | |  1.1

Action                   |  1- 3 |  4- 6 |  7- 9 || total
-------------------------+-------+-------+-------++-------
Melee: Unarmed           |   113 |    94 |    56 ||   263
       Punch             |     2 |     3 |     3 ||     8
Throw: Javelin           |       |       |     3 ||     3
  Use: Scroll            |     3 |       |       ||     3
 Stab: Sleeping          |     2 |     3 |       ||     5
       Distracted        |       |     1 |       ||     1
  Eat: Chunk             |    16 |    14 |     8 ||    38
Armor: Robe              |    33 |    22 |    12 ||    67
Dodge: Dodged            |    59 |    45 |    17 ||   121
